 Dungeon Crawl Stone Soup version 0.20.1-1-g8b1a95d (webtiles) character file.

36658 PossumBlood the Warrior (level 13, -4/136 HPs)
             Began as a Minotaur Fighter on Oct 20, 2017.
             Was the Champion of Okawaru.
             Killed from afar by a deep elf mage (14 damage)
             ... with a bolt of magma
             ... on level 14 of the Dungeon.
             The game lasted 00:32:17 (13850 turns).

PossumBlood the Warrior (Minotaur Fighter)         Turns: 13850, Time: 00:32:17

Health: -4/136     AC: 14    Str: 35    XL:     13   Next: 54%
Magic:  0/12       EV:  3    Int:  5    God:    Okawaru [******]
Gold:   678        SH: 17    Dex: 11    Spells: 12/12 levels left

rFire    . . .     SeeInvis .   N - +8 broad axe of Hubris {venom, rElec}
rCold    . . .     Gourm    .   e - +1 large shield
rNeg     . . .     Faith    .   d - +0 plate armour
rPois    .         Spirit   +   t - +1 hat
rElec    +         Reflect  .   (no cloak)
rCorr    .         Harm     .   v - +0 pair of gloves
MR       .....                  p - +0 pair of boots
Stlth    ..........             j - amulet of guardian spirit
Regen    0.4/turn               c - +5 ring of strength
MPRegen  0.2/turn               I - +3 ring of slaying

@: mighty, about to teleport
A: retaliatory headbutt, horns 2, deterioration 1
a: Heroism, Finesse, Renounce Religion


You were on level 14 of the Dungeon.
You worshipped Okawaru.
Okawaru was exalted by your worship.
You were not hungry.

You visited 2 branches of the dungeon, and saw 15 of its levels.
You also visited: Bailey.

You collected 678 gold pieces.

Inventory:

Hand Weapons
 a - a +2 war axe
 w - a +1 scythe of flaming
 K - a +1 hand axe of chopping
 N - the +8 broad axe of Hubris (weapon) {venom, rElec}
   (Okawaru gifted it to you in a bailey)

   It poisons the flesh of those it strikes.
   It insulates you from electricity.
 S - the +8 executioner's axe of Contradiction {flame, *Contam rF+ MP+9 Dex+5}
   (Okawaru gifted it to you on level 10 of the Dungeon)

   It has been specially enchanted to burn those struck by it, causing extra
   injury to most foes and up to half again as much damage against particularly
   susceptible opponents.
   Big, fiery blades are also staple armaments of hydra-hunters.
   It affects your dexterity (+5).
   It protects you from fire.
   It affects your magic capacity (+9).
   It causes magical contamination when unequipped.
 T - the +1 triple crossbow of Lies {velocity, rPois Dex+4, unknown}
   (Okawaru gifted it to you on level 11 of the Dungeon)

   Any bolt fired from it inflicts extra damage.
   It affects your dexterity (+4).
   It protects you from poison.
Armour
 b - the +1 ring mail of the Shrike {+Fly MR+ MP+9 Stlth+}
   (You found it on level 12 of the Dungeon)

   It affects your resistance to hostile enchantments.
   It affects your magic capacity (+9).
   It lets you fly.
   It makes you more stealthy.
 d - a +0 plate armour (worn)
 e - a +1 large shield (worn)
 p - a +0 pair of boots (worn)
 t - a +1 hat (worn)
 v - a +0 pair of gloves (worn)
 C - a +0 buckler of resistance
 F - the +5 chain mail "Ligoaffe" {rF++ Str-3 Int+2 Stlth+}
   (You found it on level 6 of the Dungeon)

   It affects your strength (-3).
   It affects your intelligence (+2).
   It greatly protects you from fire.
   It makes you more stealthy.
 M - a +0 troll leather armour
Jewellery
 c - a +5 ring of strength (left hand)
 f - an uncursed ring of poison resistance
 j - an amulet of guardian spirit (around neck)
 z - an uncursed amulet of magic regeneration
 I - a +3 ring of slaying (right hand)
 L - an uncursed amulet of rage
 V - a +3 amulet of reflection
 Y - an uncursed amulet of the gourmand
Wands
 o - a wand of paralysis (10/24)
 D - a wand of lightning (9/15)
 H - a wand of flame (39/48)
 U - a wand of disintegration (11/24)
Scrolls
 g - a scroll of blinking
 u - 5 scrolls of remove curse
 x - 2 scrolls of identify
 y - 5 scrolls of teleportation
 B - a scroll of enchant weapon
 E - 4 scrolls of fog
 R - a scroll of acquirement
 Z - a scroll of fear
Potions
 k - 7 potions of agility
 l - 2 potions of degeneration {unknown}
 m - 3 potions of lignification {unknown}
 n - 4 potions of haste
 q - 3 potions of brilliance
 r - a potion of invisibility {unknown}
 A - 2 potions of resistance {unknown}
 G - a potion of berserk rage {unknown}
 J - 3 potions of flight
 P - a potion of mutation {unknown}
Books
 O - a book of Minor Magic

   Spells                             Type                      Level
   a - Magic Dart                     Conjuration                  1
   b - Blink                          Translocation                2
   c - Call Imp                       Summoning                    2
   d - Slow                           Hexes                        2
   e - Conjure Flame                  Conjuration/Fire             3
   f - Mephitic Cloud                 Conjuration/Poison/Air       3
 Q - a book of Unlife

   Spells                             Type                      Level
   a - Recall                         Summoning/Translocation      3
   b - Animate Dead                   Necromancy                   4
   c - Control Undead                 Necromancy                   4
   d - Cigotuvi's Embrace             Necromancy                   5
   e - Death Channel                  Necromancy                   6
   f - Simulacrum                     Ice/Necromancy               6
Comestibles
 i - 4 meat rations
 s - 7 bread rations


   Skills:
 + Level 18.6 Fighting
 + Level 18.5 Axes
 - Level 3.6 Armour
 - Level 3.6 Shields


You had 12 spell levels left.
You didn't know any spells.

Dungeon Overview and Level Annotations

Branches:
Dungeon (14/15)            Temple (1/1) D:7            Lair (0/6) D:11
    Orc (0/2) D:9
 Vaults: D:13-14

Altars:
Ashenzari
Cheibriados
Dithmenos
Elyvilon
Fedhas
Gozag
Hepliaklqana
Kikubaaqudgha
Makhleb
Nemelex Xobeh
Okawaru
Qazlal
Ru
Sif Muna
Trog
Uskayaw
Vehumet
Xom
Yredelemnul
Zin
The Shining One


Innate Abilities, Weirdness & Mutations

You reflexively headbutt those who attack you in melee.
You have a pair of horns on your head.
Your body sometimes deteriorates upon taking damage.


Message History

The death knight hits you but does no damage.
Your shield and plate armour prevent you from hitting the death knight.
Your headbutt misses the death knight.
The death knight is severely wounded.
You block the death knight's attack.
The deep elf mage casts a spell.
You slice the death knight!!
You kill the death knight!
Okawaru accepts your kill.
An orc priest comes into view. It is wielding a club.
Items here: ( )) [ † an enchanted broad axe; a plate armour; 2 bolts; a hand axe; a human corpse
As you read the scroll of teleportation, it crumbles to dust.
You feel strangely unstable. The deep elf mage casts a spell at you.
The stone arrow hits you!
* * * LOW HITPOINT WARNING * * *
The deep elf mage casts a spell at you. The bolt of magma hits you!
You die...

# ..# . ..# . #
.##..# . #.
#.#..#.#
..##.#..#.##.
..........
..#####.#..#.####
........@........
..o...))))......
..#####(#)e#.###
#)))(......#
#..##)#..#E##. #.
#.#..#.# # .##..#
. .. #..# . ###
#..# ###


You could see an earth elemental, a deep elf mage and an orc priest.

Vanquished Creatures
  Snorg (D:12)
  Erolcha (D:12)
  2 hydras
  2 catoblepae (D:13)
  The ghost of Araratina the Blocker, a journeyman HuFi of the Shining One (D:9)
  An ogre mage (D:14)
  A centaur warrior (D:13)
  A death knight (D:14)
  6 two-headed ogres
  Urug (D:10)
  Nergalle (D:10)
  A skeletal warrior (D:14)
  5 unseen horrors
  Pikel (D:8)
  2 manticores
  3 orc knights
  2 orc sorcerers (Bailey)
  An ugly thing (D:12)
  A centaur zombie (D:14)
  3 yaktaurs (D:14)
  2 centaur skeletons
  4 gargoyles
  A freezing wraith (D:14)
  3 trolls
  3 slime creatures (D:13)
  A meliai zombie (D:13)
  A hippogriff (D:13)
  A wyvern (D:8)
  A vampire (D:12)
  3 wraiths
  A shadow (D:11)
  Sigmund (D:6)
  A hungry ghost (D:13)
  4 hogs (D:9)
  A human (D:9)
  Grum (D:10)
  18 yaks
  3 vampire mosquitoes (D:13)
  14 orc warriors
  3 sky beasts
  A black bear (D:10)
  A phantom (D:4)
  A necrophage (D:12)
  2 ice beasts
  10 ogres
  16 centaurs
  2 big kobolds (D:13)
  3 gnoll sergeants (D:10)
  A wyvern zombie (D:9)
  10 bullfrogs
  A wyvern skeleton (D:9)
  6 scorpions
  3 howler monkeys
  4 wights (D:6)
  6 electric eels
  5 crimson imps
  A bullfrog zombie (D:11)
  3 jellies
  2 gnoll shamans (D:10)
  10 orc wizards
  2 quasits
  6 orc priests
  4 bullfrog skeletons
  20 hounds
  An iguana (D:7)
  9 worker ants
  A hound zombie (D:8)
  A worker ant zombie (D:11)
  25 gnolls
  A howler monkey zombie (D:5)
  11 adders
  6 shadow imps
  An ooze (D:5)
  3 worms
  2 dart slugs
  3 leopard geckos
  46 orcs
  3 ball pythons
  7 giant cockroaches
  21 goblins
  15 hobgoblins
  21 jackals
  8 quokkas
  11 bats
  A frilled lizard (D:3)
  22 kobolds
  7 rats
  6 plants (D:1)
456 creatures vanquished.

Vanquished Creatures (others)
  A slave (D:8)
1 creature vanquished.

Grand Total: 457 creatures vanquished

Notes
Turn   | Place    | Note
-------+----------+-------------------------------------------
     0 | D:1      | PossumBlood the Minotaur Fighter began the quest for the Orb.
     0 | D:1      | Reached XP level 1. HP: 19/19 MP: 0/0
   105 | D:1      | Reached XP level 2. HP: 12/27 MP: 1/1
   749 | D:2      | Found a white marble altar of Elyvilon.
   798 | D:2      | Reached XP level 3. HP: 30/34 MP: 2/2
  1074 | D:2      | Found a shattered altar of Ashenzari.
  1526 | D:3      | Reached skill level 5 in Fighting
  1526 | D:3      | Reached XP level 4. HP: 34/42 MP: 3/3
  1662 | D:3      | Found a shadowy altar of Dithmenos.
  2285 | D:4      | Reached XP level 5. HP: 31/48 MP: 1/4
  2290 | D:4      | Reached skill level 5 in Axes
  2438 | D:4      | Found a hide-covered altar of Uskayaw.
  2441 | D:4      | Noticed a dagger
  2442 | D:4      | Noticed a hand axe
  2514 | D:4      | Noticed a phantom
  2538 | D:4      | Killed a phantom
  2538 | D:4      | Reached XP level 6. HP: 52/58 MP: 5/5
  2811 | D:5      | Entered Level 5 of the Dungeon
  2832 | D:5      | Found a shadowy altar of Dithmenos.
  3255 | D:5      | Reached XP level 7. HP: 31/66 MP: 3/6
  3642 | D:6      | Found a stormy altar of Qazlal.
  3728 | D:6      | Found a blossoming altar of Fedhas.
  3733 | D:6      | Found a radiant altar of Vehumet.
  3956 | D:6      | Noticed Sigmund
  3975 | D:6      | Killed Sigmund
  3975 | D:6      | Reached XP level 8. HP: 57/77 MP: 5/7
  4135 | D:6      | Got a dazzling chain mail
  4146 | D:6      | Identified the +5 chain mail "Ligoaffe" {rF++ Str-3 Int+2 Stlth+} (You found it on level 6 of the Dungeon)
  4814 | D:7      | Found a staircase to the Ecumenical Temple.
  4823 | Temple   | Entered the Ecumenical Temple
  4927 | Temple   | Became a worshipper of Warmaster Okawaru
  5474 | D:8      | Reached skill level 10 in Fighting
  5558 | D:8      | Reached * piety under Okawaru
  5558 | D:8      | Reached skill level 10 in Axes
  5610 | D:8      | Reached XP level 9. HP: 84/86 MP: 8/8
  5837 | D:8      | Noticed Pikel
  5850 | D:8      | Killed Pikel
  5850 | D:8      | Reached ** piety under Okawaru
  5853 | D:8      | Noticed a troll
  5860 | D:8      | Killed a troll
  6277 | D:9      | Found a staircase to the Orcish Mines.
  6499 | D:9      | Reached *** piety under Okawaru
  6554 | D:9      | Noticed Araratina's ghost (journeyman HuFi)
  6581 | D:9      | Killed Araratina's ghost
  6581 | D:9      | Reached XP level 10. HP: 19/99 MP: 2/9
  6947 | D:9      | Found a shimmering altar of Xom.
  7351 | D:9      | Reached **** piety under Okawaru
  7408 | D:10     | Entered Level 10 of the Dungeon
  7506 | D:10     | Noticed a two-headed ogre
  7511 | D:10     | Noticed Nergalle
  7516 | D:10     | Noticed Urug
  7516 | D:10     | Killed a two-headed ogre
  7944 | D:10     | Found a flagged portal.
  7977 | D:10     | Reached ***** piety under Okawaru
  8033 | Bailey   | Entered a bailey
  8210 | Bailey   | Received a gift from Okawaru
  8211 | Bailey   | Got a scorched broad axe {god gift}
  8212 | Bailey   | Identified the +8 broad axe of Hubris {venom, rElec} (Okawaru gifted it to you in a bailey)
  8225 | Bailey   | Found an iron altar of Okawaru.
  8225 | Bailey   | Noticed an orc sorcerer
  8225 | Bailey   | Noticed an orc sorcerer
  8226 | Bailey   | Noticed a sun demon
  8234 | Bailey   | Killed an orc sorcerer
  8234 | Bailey   | Reached XP level 11. HP: 65/110 MP: 6/10
  8236 | Bailey   | Killed an orc sorcerer
  8407 | Bailey   | Noticed an orc knight
  8409 | Bailey   | Killed an orc knight
  8575 | Bailey   | Noticed an orc knight
  8589 | Bailey   | Killed an orc knight
  8799 | D:10     | Noticed a two-headed ogre
  8799 | D:10     | Killed an unseen horror
  8799 | D:10     | Received a gift from Okawaru
  8812 | D:10     | Killed a two-headed ogre
  8812 | D:10     | Reached skill level 15 in Fighting
  8812 | D:10     | Killed Nergalle
  8812 | D:10     | Reached skill level 15 in Axes
  8818 | D:10     | Noticed a two-headed ogre
  8822 | D:10     | Got a slimy executioner's axe {god gift}
  8823 | D:10     | Noticed Grum
  9155 | D:9      | Identified the +8 executioner's axe of Contradiction {flame, *Contam rF+ MP+9 Dex+5} (Okawaru gifted it to you on level 10 of the Dungeon)
  9249 | D:10     | Killed a two-headed ogre
  9275 | D:10     | Killed Grum
  9361 | D:10     | Killed Urug
  9690 | D:10     | Killed an unseen horror
  9781 | D:11     | Noticed a two-headed ogre
  9786 | D:11     | Killed a two-headed ogre
  9812 | D:11     | Reached XP level 12. HP: 119/122 MP: 11/11
  9854 | D:11     | Noticed a seven-headed hydra
  9867 | D:11     | Killed a seven-headed hydra
 10232 | D:11     | Gained mutation: Your body sometimes deteriorates upon taking damage. [mutagenic glow]
 10247 | D:11     | Received a gift from Okawaru
 10248 | D:11     | Got an iridescent triple crossbow {god gift}
 10319 | D:11     | Found a staircase to the Lair.
 10728 | D:11     | Found a snail-covered altar of Cheibriados.
 11215 | D:12     | Noticed Snorg
 11224 | D:12     | Killed Snorg
 11244 | D:12     | Noticed Erolcha
 11249 | D:12     | Killed Erolcha
 11249 | D:12     | Reached ****** piety under Okawaru
 11644 | D:12     | Got a turquoise-encrusted ring mail
 11645 | D:12     | Identified the +1 ring mail of the Shrike {+Fly MR+ MP+9 Stlth+} (You found it on level 12 of the Dungeon)
 12282 | D:13     | Noticed a catoblepas
 12287 | D:13     | Killed a catoblepas
 12388 | D:13     | Received a gift from Okawaru
 12445 | D:13     | Noticed a centaur warrior
 12453 | D:13     | Killed a centaur warrior
 12663 | D:13     | Noticed a catoblepas
 12676 | D:13     | Killed a catoblepas
 12676 | D:13     | Reached XP level 13. HP: 127/134 MP: 9/12
 13842 | D:14     | HP: 1/136 [death knight/enchanted broad axe (18)]
 13850 | D:14     | Killed from afar by a deep elf mage

Skill      XL: |  1  2  3  4  5  6  7  8  9 10 11 12 13 |
---------------+----------------------------------------+-----
Fighting       | 4 5 6 7 8 10 12 14 15 17 18 | 18.6
Axes           | 3 4 5 6 8 10 12 13 15 17 18 | 18.5
Armour         | |  3.6
Shields        | |  3.6

Action                   |  1- 3 |  4- 6 |  7- 9 | 10-12 | 13-15 || total
-------------------------+-------+-------+-------+-------+-------++-------
Melee: War axe           |   184 |   121 |   316 |   100 |       ||   721
       Headbutt          |    35 |    18 |    55 |    89 |    29 ||   226
       Broad axe         |       |       |       |   329 |   121 ||   450
       Executioner's axe |       |       |       |     2 |       ||     2
Invok: Heroism           |       |       |       |     2 |     1 ||     3
  Use: Scroll            |     4 |     9 |     3 |    12 |     4 ||    32
       Potion            |       |       |     2 |     3 |     5 ||    10
  Eat: Bread ration      |     1 |       |     3 |       |     1 ||     5
       Meat ration       |       |     1 |       |       |       ||     1
       Royal jelly       |       |       |       |     5 |       ||     5
       Fruit             |       |       |       |     7 |     1 ||     8
Armor: Scale mail        |    70 |    48 |    95 |       |       ||   213
       Plate armour      |       |       |       |   206 |    44 ||   250
Dodge: Dodged            |    32 |    17 |    38 |    25 |     9 ||   121
Block: Large shield      |   128 |    91 |   223 |   370 |    92 ||   904
